 Dungeon Crawl Stone Soup version 0.31-a0-1272-g9f703e4c1d (webtiles) character file.

Game seed: 12495059088113436941

93 Descartes the Digger (level 4, -5/30 HPs)
             Began as a Formicid Earth Elementalist on Dec 17, 2023.
             Killed by divine providence
             ... invoked by an orc priest
              (12 damage)
             ... on level 3 of the Dungeon.
             The game lasted 00:07:42 (1908 turns).

Descartes the Digger (Formicid Earth Elementalist)  Turns: 1908, Time: 00:07:43

Health: -5/30      AC:  8    Str: 13    XL:     4   Next: 91%
Magic:  8/9        EV:  6    Int: 14    God:
Gold:   150        SH:  0    Dex: 14    Spells: 3/10 levels left

rFire   . . .        n - staff of the Elven Halls {rPois Will+++ Str-2 Conj Tmut}
rCold   . . .        (no shield)
rNeg    . . .        c - +0 chain mail
rPois   +            (helmet unavailable)
rElec   .            (no cloak)
rCorr   .            (no gloves)
SInv    +            (no boots)
Will    +++..        h - amulet of magic regeneration Stlth
                     i - ring of wizardry
HPRegen 0.25/turn    s - +4 ring of slaying
MPRegen 0.51/turn

%: wizardry (x1)
@: very slightly contaminated
A: permanent stasis, dig shafts and tunnels, antennae 3, four strong arms
a: Dig, Shaft Self


You were on level 3 of the Dungeon.
You visited 1 branch of the dungeon, and saw 3 of its levels.

You collected 150 gold pieces.

Inventory:

Hand Weapons
 a - a +2 hand axe of draining
 b - a +0 sling
Missiles
 j - 2 poisoned darts
Armour
 c - a +0 chain mail (worn)
 l - a +0 robe
Magical Staves
 n - the staff of the Elven Halls (weapon) {rPois Will+++ Str-2 Conj Tmut}
   (You found it on level 2 of the Dungeon)

   [staff of conjuration]

   Base accuracy: +5 Base damage: 5 Base attack delay: 1.2 This weapon's minimum
   attack delay (0.6) is reached at skill level 12.
   Str-2:     It affects your strength (-2).
   rPois:     It protects you from poison Will+++: It greatly increases your
   willpower.
   Conj:      It increases the power of your Conjurations spells.
   Tmut:      It increases the power of your Transmutations spells.
   It falls into the 'Staves' category.
   It is a weapon for one hand-pair.
 t - a staff of earth
Jewellery
 h - an amulet of magic regeneration (around neck)
 i - a ring of wizardry (left hand)
 s - a +4 ring of slaying (right hand)
Talismans
 m - a blade talisman
Scrolls
 o - a scroll of vulnerability {unknown}
 p - a scroll of torment {unknown}
 q - a scroll of enchant weapon {unknown}
 u - a scroll of teleportation {unknown}
Potions
 d - a potion of magic
 e - a potion of haste {unknown}
 f - 3 potions of might {unknown}
 g - a potion of attraction {unknown}
 k - a potion of enlightenment {unknown}
 r - a potion of curing {unknown}


   Skills:
 - Level 1.7 Dodging
 - Level 2.4 Stealth
 + Level 3.5 Spellcasting
 + Level 0.3 Conjurations
 + Level 1.2 Transmutations
 + Level 0.1 Fire Magic
 + Level 5.0 Earth Magic
 + Level 0.5 Poison Magic


You had 3 spell levels left.
You knew the following spells:

 Your Spells              Type           Power      Damage    Failure   Level
a - Sandblast             Erth           32%        2d9       26%         1
b - Stone Arrow           Conj/Erth      28%        3d8       86%         3
c - Ignite Poison         Fire/Tmut/Pois 6%         N/A       98%         3

Your spell library contained the following spells:

 Spells                   Type           Power      Damage    Failure   Level
 Passwall                 Tmut/Erth      13%        N/A       58%         2
 Cigotuvi's Dreadful Rot  Necr/Pois/Air  6%         N/A       93%         2
 Ozocubu's Armour         Ice            2%         N/A       99%         3
 Brom's Barrelling Bould  Conj/Erth      14%        2d4       99%         4
 Petrify                  Tmut/Erth      16%        N/A       99%         4
 Freezing Cloud           Conj/Ice/Air   2%         6-21      100%        5
 Ozocubu's Refrigeration  Ice            1%         4d7       100%        7


Dungeon Overview and Level Annotations

Branches:
Dungeon (3/15)

Altars:


Innate Abilities, Weirdness & Mutations

You cannot be hasted, slowed, berserked, paralysed or teleported.
You can dig through walls and to a lower floor.
You have a pair of large antennae on your head. (SInv)
Your four strong arms can wield two-handed weapons with a shield.


Message History

Press: ? - help, Shift-Dir - straight line, f/p - orc
Aim: an orc, wielding a +0 club and wearing a +0 ring mail (84% to hit)
The blast of sand hits the orc!
You kill the orc!
The orc hits you with a +0 hand axe.
Casting: Sandblast (safe; 26% risk of failure)
Confirm with . or Enter, or press ? or * to list all spells.
Aiming: Sandblast (safe; 26% risk of failure)
Press: ? - help, Shift-Dir - straight line, f - orc
Aim: an orc, wielding a +0 hand axe (82% to hit)
You miscast Sandblast.
Nothing appears to happen.
The orc hits you but does no damage.
Casting: Sandblast (safe; 26% risk of failure)
Confirm with . or Enter, or press ? or * to list all spells.
Aiming: Sandblast (safe; 26% risk of failure)
Press: ? - help, Shift-Dir - straight line, f/p - orc
Aim: an orc, wielding a +0 hand axe (82% to hit)
The blast of sand hits the orc!
You kill the orc!
The orc priest barely misses you.
Casting: Sandblast (safe; 26% risk of failure)
Confirm with . or Enter, or press ? or * to list all spells.
Aiming: Sandblast (safe; 26% risk of failure)
Press: ? - help, Shift-Dir - straight line, f - orc priest
Aim: an orc priest, wielding a +0 whip and wearing a +0 chain mail (87% to hit)
You miscast Sandblast.
Nothing appears to happen.
The orc priest hits you with a +0 whip.
Casting: Sandblast (safe; 26% risk of failure)
Confirm with . or Enter, or press ? or * to list all spells.
Aiming: Sandblast (safe; 26% risk of failure)
Press: ? - help, Shift-Dir - straight line, f/p - orc priest
Aim: an orc priest, wielding a +0 whip and wearing a +0 chain mail (87% to hit)
The blast of sand hits the orc priest but does no damage.
The orc priest calls down the wrath of Beogh upon you.
Beogh smites you!
* * * LOW HITPOINT WARNING * * *
Unknown command.
The orc priest invokes the aid of Beogh against you.
Beogh smites you!
You die...

#....^..#
##....#.#
#....#.#
#... #.#
..... #.#
.... #r#
.... #o#
#.# #@# #.#
########.##
#.........#
#.........#
#.........#
#.........#
#.........#
#.........#


You could see an orc priest and a rat.

Vanquished Creatures
  3 gnolls (D:2)
  2 dart slugs (D:1)
  4 orcs (D:3)
  8 ball pythons
  4 endoplasms
  9 giant cockroaches (D:2)
  6 goblins
  3 hobgoblins (D:2)
  3 kobolds (D:1)
  3 quokkas
  2 bats
  2 frilled lizards
  4 rats
53 creatures vanquished.

Notes
Turn   | Place    | Note
-------+----------+-------------------------------------------
     0 | D:1      | Descartes the Formicid Earth Elementalist began the quest
                  | for the Orb.
     0 | D:1      | Reached XP level 1. HP: 13/13 MP: 3/3
    35 | D:1      | Found a faded altar of an unknown god.
   361 | D:1      | Reached XP level 2. HP: 19/19 MP: 0/5
   363 | D:1      | Reached skill level 4 in Earth Magic
   967 | D:1      | Reached XP level 3. HP: 24/24 MP: 7/7
  1217 | D:2      | Learned a level 3 spell: Stone Arrow
  1263 | D:2      | Reached XP level 4. HP: 20/30 MP: 4/8
  1398 | D:2      | Identified the staff of the Elven Halls {rPois Will+++
                  | Str-2 Conj Tmut}
  1408 | D:2      | Learned a level 3 spell: Ignite Poison
  1884 | D:3      | Reached skill level 5 in Earth Magic
  1908 | D:3      | Killed from afar by an orc priest

Illustrated notes

Levels and vault maps discovered:
D:1:      spicycebolla_green_bress_n_ham, layout_loops_ring,
          ebering_ecumenical_altar_mist
D:2:      minmay_roachtagon, layout_rooms, hangedman_decor_peaks_small
D:3:      layout_basic, serial_shops, nicolae_shop_crystal,
          nicolae_eternal_life, minmay_distorted

Skill      XL: |  1  2  3  4 |
---------------+-------------+-----
Earth Magic    | 4 5 |  5.0
Spellcasting   | 3 |  3.5
Dodging        | |  1.7
Stealth        | |  2.4
Conjurations   | |  0.3
Transmutations | |  1.2
Fire Magic     | |  0.1
Poison Magic   | |  0.5

Action                     |  1- 3 |  4- 6 || total
---------------------------+-------+-------++-------
  Melee: Club              |    21 |       ||    21
         Punch             |     1 |       ||     1
   Fire: Sling             |     9 |       ||     9
   Cast: Sandblast         |    37 |    39 ||    76
 Armour: Chain mail        |    86 |    33 ||   119
  Dodge: Dodged            |    47 |     7 ||    54

Table legend: (Time is in decaauts)
 A = Elapsed time spent in this place.
 B = Non-inter-level travel time spent in this place.
 C = Inter-level travel time spent in this place.
 D = Time resting spent in this place.
 E = Time spent auto-exploring this place.
 F = Levels seen in this place.
 G = Mean time per level.
                   A        B        C        D        E       F      G
               +--------+--------+--------+--------+--------+-----+--------+
         Total |   1957 |   1914 |     43 |      0 |   1375 |   3 |  652.3 |
       Dungeon |   1957 |   1914 |     43 |      0 |   1375 |   3 |  652.3 |
               +--------+--------+--------+--------+--------+-----+--------+

Top non-repeatable levels by time:
     D:1: 1219 daAuts
     D:2: 672 daAuts
     D:3: 65 daAuts
